 Dungeon Crawl Stone Soup version 0.30-a0-591-g3c58d2bc28 (webtiles) character file.

Game seed: 7103079390882026956

175 IdlyInterested the Cutter (level 5, -2/41 HPs)
             Began as a Demonspawn Berserker on Jan 4, 2023.
             Was a Priest of Trog.
             Constricted to death by Edmund (4 damage)
             ... on level 4 of the Dungeon.
             The game lasted 00:08:44 (2347 turns).

IdlyInterested the Cutter (Demonspawn Berserker)    Turns: 2347, Time: 00:08:45

Health: -2/41      AC:  6    Str: 17      XL:     5   Next: 29%
Magic:  5/5        EV:  5    Int:  9      God:    Trog [***...]
Gold:   168        SH:  8    Dex: 13 (14) Spells: 4/4 levels left

rFire   . . .      SeeInvis .    r - +4 rapier
rCold   . . .      Faith    .    e - +1 kite shield
rNeg    . . .      Spirit   .    q - +0 scale mail
rPois   .          Reflect  .    (no helmet)
rElec   .          Harm     .    (no cloak)
rCorr   .          Rampage  .    (no gloves)
Will    .....                    (no boots)
Stlth   +                        (no amulet)
HPRegen 0.26/turn                p - ring of flight
MPRegen 0.09/turn                (no ring)

@: grasped by roots, flying, constricted
A: hooves 1, powered by pain 1, demonic magic 1
a: Renounce Religion, Berserk, Trog's Hand


You were on level 4 of the Dungeon.
You worshipped Trog.
Trog was most pleased with you.
You visited 1 branch of the dungeon, and saw 4 of its levels.

You collected 168 gold pieces.

Inventory:

Hand Weapons
 l - a +0 long sword
 r - a +4 rapier (weapon)
Missiles
 d - 47 stones (quivered)
 j - 2 boomerangs
 s - 5 poisoned darts
Armour
 b - a +0 animal skin
 e - a +1 kite shield (worn)
 o - a +0 leather armour
 q - a +0 scale mail (worn)
Jewellery
 p - a ring of flight (left hand)
Wands
 a - a wand of charming (14)
Scrolls
 i - a scroll of silence
Potions
 c - a potion of attraction
 f - 2 potions of lignification
 g - a potion of magic
 h - 2 potions of curing {unknown}
 k - a potion of invisibility
 m - a potion of mutation {unknown}
 n - a potion of heal wounds {unknown}
 t - a potion of might {unknown}


   Skills:
 + Level 3.1 Fighting
 - Level 4.0 Short Blades
 * Level 1.5 Throwing
 - Level 2.0 Armour
 - Level 2.0 Dodging
 * Level 2.9 Stealth


You had 4 spell levels left.
You didn't know any spells.
Your spell library was empty.

Dungeon Overview and Level Annotations

Branches:
Dungeon (4/15)
 Temple: D:4-7

Altars:
Ashenzari
Cheibriados
Gozag
Ru

Shops:
D:4 :

Annotations:
D:4 Edmund


Innate Abilities, Weirdness & Mutations

You have large cloven feet.
You sometimes gain a little power by taking damage.
Spells you cast may paralyse adjacent enemies.


Message History

Press: ? - help, Q - select action, (/) - cycle Shift-Dir - straight line, f/p - worm
Aim: a worm (77% to hit)
You throw a stone. The stone hits the worm.
The worm is lightly wounded.
You barely miss the worm. You kick the worm.
The worm is moderately wounded.
The worm bites you but does no damage.
You puncture the worm!
The worm is severely wounded.
You hit the worm but do no damage. You kick the worm, but do no damage.
The worm is severely wounded.
The worm closely misses you.
You hit the worm. You kick the worm, but do no damage.
The worm is almost dead.
You block the worm's attack.
You hit the worm but do no damage. You kick the worm.
You kill the worm!
Trog accepts your kill.
You see here a worm corpse.
Edmund the Younger comes into view.
He is wielding a +3 flail of protection and carrying a wand of roots (8).
Edmund zaps a wand.
The roots erupt in riotous growth!
The grasping roots grab you! The grasping roots constrict you.
You hear a bark!
You escape the roots grasp.
Edmund hits you with a +3 flail of protection.
You hit Edmund but do no damage. Your kick misses Edmund.
Edmund zaps a wand.
The roots erupt in riotous growth!
The grasping roots grab you!
Edmund is unaffected.
The grasping roots constrict you.
You closely miss Edmund. Your kick misses Edmund.
Edmund hits you with a +3 flail of protection.
The grasping roots constrict you.
You hit Edmund but do no damage. You kick Edmund, but do no damage.
Edmund hits you with a +3 flail of protection!
* * * LOW HITPOINT WARNING * * *
The grasping roots constrict you.
* * * LOW HITPOINT WARNING * * *
You block Edmund's attack. The grasping roots constrict you.
You die...

.....##..........
#.................
#...........#..#..
#..........###....
##.................
##............#.....
#..............∩....
#.@...........#..###
#@.....##.##......
##.....##.....#...
##.......#...##..
###†.#....##.###..
#....#.......##... #+#
#.........##.#.... #.###
##.#....##.........
#######.#.#####..##.......)......
...#.##..........##.......)......


You could see Edmund.

Vanquished Creatures
  An orc priest (D:4)
  6 adders
  3 worms
  3 dart slugs
  2 orcs (D:4)
  7 endoplasms
  3 giant cockroaches
  A goblin (D:3)
  12 hobgoblins
  10 jackals
  3 quokkas (D:3)
  2 ball pythons (D:1)
  5 bats
  3 frilled lizards
  4 kobolds
  4 rats
69 creatures vanquished.

Notes
Turn   | Place    | Note
-------+----------+-------------------------------------------
     0 | D:1      | IdlyInterested the Demonspawn Berserker began the quest for
                  | the Orb.
     0 | D:1      | Reached XP level 1. HP: 18/18 MP: 1/1
   131 | D:1      | Reached skill level 3 in Short Blades
   203 | D:1      | Gained mutation: Spells you cast may paralyse adjacent
                  | enemies. [demonic ancestry]
   203 | D:1      | Reached XP level 2. HP: 19/24 MP: 2/2
   294 | D:1      | Reached skill level 1 in Stealth
   627 | D:2      | Found a faded altar of an unknown god.
   649 | D:2      | Gained mutation: You have large cloven feet. [demonic
                  | ancestry]
   649 | D:2      | Reached XP level 3. HP: 29/29 MP: 3/3
   658 | D:2      | Reached ** piety under Trog
  1289 | D:3      | Reached XP level 4. HP: 26/35 MP: 4/4
  1391 | D:3      | Found a sacrificial altar of Ru.
  1393 | D:3      | Found a broken altar of Ashenzari.
  1544 | D:3      | Reached skill level 4 in Short Blades
  1694 | D:3      | Found an opulent altar of Gozag.
  1697 | D:3      | Found a snail-covered altar of Cheibriados.
  2104 | D:4      | Reached skill level 1 in Throwing
  2162 | D:4      | Reached *** piety under Trog
  2163 | D:4      | Gained mutation: You sometimes gain a little power by
                  | taking damage. [demonic ancestry]
  2163 | D:4      | Reached XP level 5. HP: 41/41 MP: 5/5
  2182 | D:4      | Found Rapnaol's Book Boutique.
  2342 | D:4      | Noticed Edmund
  2347 | D:4      | HP: 2/41 [constriction (2)]
  2347 | D:4      | Constricted to death by Edmund

Illustrated notes

Levels and vault maps discovered:
D:1:      lemuel_arrival_lava_pool, layout_rooms
D:2:      layout_rooms, ebering_ecumenical_altar_abandoned
D:3:      layout_loops_ring, grunt_temple_overflow_open,
          ebering_dispersal_statue_hall
D:4:      minmay_octagon_keep, layout_cave_pools, serial_shops, shop,
          uniq_edmund, uniq_eustachio

Skill      XL: |  1  2  3  4 |
---------------+-------------+-----
Short Blades   | 3 4 |  4.0
Stealth        | 1 2 |  2.9
Armour         | 2 |  2.0
Dodging        | 2 |  2.0
Throwing       | 1 |  1.5
Fighting       | |  3.1

Action                   |  1- 3 |  4- 6 || total
-------------------------+-------+-------++-------
Melee: Short sword       |    84 |       ||    84
       Rapier            |    36 |    75 ||   111
       Kick              |    13 |    18 ||    31
Throw: Stone             |       |    25 ||    25
       Dart              |       |     5 ||     5
Invok: Berserk           |     2 |       ||     2
  Use: Scroll            |     6 |     1 ||     7
       Potion            |     2 |     1 ||     3
 Stab: Sleeping          |     2 |       ||     2
Armor: Animal skin       |    13 |       ||    13
       Scale mail        |    23 |    22 ||    45
Dodge: Dodged            |    47 |    23 ||    70
Block: Kite shield       |    42 |    20 ||    62

Table legend: (Time is in decaauts)
 A = Elapsed time spent in this place.
 B = Non-inter-level travel time spent in this place.
 C = Inter-level travel time spent in this place.
 D = Time resting spent in this place.
 E = Time spent auto-exploring this place.
 F = Levels seen in this place.
 G = Mean time per level.
                   A        B        C        D        E       F      G
               +--------+--------+--------+--------+--------+-----+--------+
         Total |   2396 |   2142 |    254 |    249 |   1054 |   4 |  599.0 |
       Dungeon |   2396 |   2142 |    254 |    249 |   1054 |   4 |  599.0 |
               +--------+--------+--------+--------+--------+-----+--------+

Top non-repeatable levels by time:
     D:3: 860 daAuts
     D:1: 694 daAuts
     D:2: 543 daAuts
     D:4: 298 daAuts
